 Dungeon Crawl Stone Soup version 0.27.0-1-g7a089689b8 (webtiles) character file.

Game seed: 17884836248458054028

25 snetch the Firebug (level 3, -7/26 HPs)
             Began as a Ghoul Fire Elementalist on Aug 6, 2021.
             Was a Follower of Okawaru.
             Mangled by a gnoll (10 damage)
             ... on level 2 of the Dungeon.
             The game lasted 00:03:13 (1074 turns).

snetch the Firebug (Ghoul Fire Elementalist)        Turns: 1074, Time: 00:03:13

Health: -7/26      AC:  3    Str: 12    XL:     3   Next: 6%
Magic:  1/5        EV: 11    Int: 10    God:    Okawaru [*.....]
Gold:   60         SH:  0    Dex:  9    Spells: 5/6 levels left

rFire    . . .     SeeInvis .     - Unarmed
rCold    + . .     Faith    .   (no shield)
rNeg     + + +     Spirit   .   e - +0 leather armour
rPois    ∞         Reflect  .   (no helmet)
rElec    .         Harm     .   (no cloak)
rCorr    .         Rampage  .   (no gloves)
Will     .....                  (no boots)
Stlth    ++........             (no amulet)
HPRegen  0.00/turn              (no ring)
MPRegen  0.09/turn              (no ring)

@: inhibited regen
A: claws 1, cold resistance 1, negative energy resistance 3, inhibited
regeneration, torment resistance 2
a: Renounce Religion, Heroism


You were on level 2 of the Dungeon.
You worshipped Okawaru.
Okawaru was aware of your devotion.
You visited 1 branch of the dungeon, and saw 2 of its levels.

You collected 60 gold pieces.

Inventory:

Missiles
 c - 25 stones
 h - 24 arrows
Armour
 a - a +0 robe
 e - a +0 leather armour (worn)
 g - a +0 scale mail
Magical Staves
 l - a staff of conjuration
Scrolls
 b - 2 scrolls of amnesia {unknown}
 f - a scroll of teleportation {unknown}
 i - a scroll of identify {unknown}
 j - a scroll of noise {unknown}
Potions
 d - a potion of curing {unknown}
 k - a potion of flight {unknown}


   Skills:
 + Level 0.2 Armour
 + Level 1.9 Dodging
 + Level 2.5 Stealth
 + Level 1.1 Unarmed Combat
 + Level 2.0 Spellcasting
 + Level 0.8 Conjurations
 + Level 2.7 Fire Magic


You had 5 spell levels left.
You knew the following spells:

 Your Spells              Type           Power      Damage    Failure   Level
a - Foxfire               Conj/Fire      16%        2x1d4     19%         1

Your spell library contained the following spells:

 Spells                   Type           Power      Damage    Failure   Level
 Conjure Flame            Conj/Fire      4%         6-21      50%         3
 Inner Flame              Hex/Fire       3%         N/A       56%         3
 Sticky Flame             Conj/Fire      4%         2d3       88%         4
 Fireball                 Conj/Fire      2%         3d4       99%         5


Dungeon Overview and Level Annotations

Branches:
Dungeon (2/15)

Altars:
Okawaru

Shops:
D:2 *


Innate Abilities, Weirdness & Mutations

You thrive by killing the living.
You are immune to poison.
You have sharp fingernails.
Your flesh is cold resistant. (rC+)
You are immune to negative energy. (rN+++)
You do not regenerate when monsters are visible.
You are immune to unholy pain and torment.


Message History

The bat hits you.
* * * LOW HITPOINT WARNING * * *
You are too injured to fight recklessly!
Casting: Foxfire (safe; 19% risk of failure)
Press: ? - help, Q - select action, (/) - cycle Dir - look around, f - activate You miscast Foxfire.
You are very lightly contaminated with residual magic.
Nothing appears to happen.
The bat hits you but does no damage.
Casting: Foxfire (safe; 19% risk of failure)
Press: ? - help, Q - select action, (/) - cycle Dir - look around, f - activate You conjure some foxfire!
The foxfire hits the bat.
The bat is severely wounded.
The foxfire hits the gnoll.
The gnoll is lightly wounded.
The bat hits you but does no damage. The bat misses you.
The bat barely misses you.
You closely miss the bat.
The bat is heavily wounded.
The bat closely misses you. The bat completely misses you.
You closely miss the bat.
The bat is heavily wounded.
The bat barely misses you. The bat closely misses you.
The bat barely misses you.
Your magical contamination has completely faded away.
You scratch the bat.
You kill the bat!
Okawaru accepts your kill.
You feel better.
You scratch the gnoll.
The gnoll is moderately wounded.
The gnoll barely misses you.
You closely miss the gnoll.
The gnoll is moderately wounded.
The gnoll hits you from afar with a +0 spear.
* * * LOW HITPOINT WARNING * * *
The gnoll hits you with a +0 flail!
You die...

##.## #.# ...# #...###.# ..#
#....##.# #. ..# #....##.# .. ..#
##......### #. #.# ##...g...# ###
.#.####.# #g#####.### ...
........### #g# #...##.#
#.......######@#####.#.#..##...
.##.##...........#..)..........#
...[...##.###.##.#..##########...
.##.#####.# #.##....# .##.......#
#....<.)# ......##### #.##.##.#
###.#.#### # #.##.# ##.......#
.....# .........# ##.##.#


You could see 2 gnolls.

Vanquished Creatures
  A gnoll (D:2)
  A ball python (D:1)
  3 endoplasms (D:1)
  2 goblins
  A hobgoblin (D:1)
  A quokka (D:1)
  2 bats
  A kobold (D:1)
  4 rats
16 creatures vanquished.

Vanquished Creatures (others)
  21 foxfires
21 creatures vanquished.

Grand Total: 37 creatures vanquished

Notes
Turn   | Place    | Note
-------+----------+-------------------------------------------
     0 | D:1      | snetch the Ghoul Fire Elementalist began the quest for the
                  | Orb.
     0 | D:1      | Reached XP level 1. HP: 14/14 MP: 2/2
    56 | D:2      | Found Giwo's General Store.
   396 | D:1      | Reached XP level 2. HP: 20/20 MP: 1/3
   673 | D:1      | Found a faded altar of an unknown god.
   680 | D:1      | Became a worshipper of Warmaster Okawaru
   680 | D:1      | Reached * piety under Okawaru
  1048 | D:2      | Reached skill level 1 in Unarmed Combat
  1048 | D:2      | Reached XP level 3. HP: 19/26 MP: 0/5
  1074 | D:2      | Mangled by a gnoll

Illustrated notes

Levels and vault maps discovered:
D:1:      eino_arrival_water_star, layout_basic,
          hellmonk_ecumenical_altar_run_dry
D:2:      layout_loops_cross, serial_shops, nicolae_shop_crystal,
          shop_fountains, shop, nicolae_shop_crystal, minivault_25,
          uniq_crazy_yiuf_cottage

Skill      XL: |  1  2 |
---------------+-------+-----
Unarmed Combat | 1 |  1.1
Spellcasting   | 2 |  2.0
Armour         | |  0.2
Dodging        | |  1.9
Stealth        | |  2.5
Conjurations   | |  0.8
Fire Magic     | |  2.7

Action                   || total
-------------------------++-------
Melee: Unarmed           ||    68
 Cast: Foxfire           ||    15
 Stab: Distracted        ||     1
Armor: Leather armour    ||    21
Dodge: Dodged            ||    49
